 Dungeon Crawl Stone Soup version 0.14.2 (webtiles) character file.

124 Amnesiac the Charlatan (level 3, 0/18 HPs)
             Began as a Spriggan Artificer on Feb 10, 2018.
             Slain by an orc
             ... wielding a +1,+0 mace of protection
              (10 damage)
             ... on Level 3 of the Dungeon.
             The game lasted 00:02:52 (943 turns).

Amnesiac the Charlatan (Spriggan Artificer)          Turns: 943, Time: 00:02:52

HP   0/18        AC  4     Str  8      XL: 3   Next: 69%
MP   8/8         EV 19     Int 13      God:
Gold 68          SH  0     Dex 16      Spells:  0 memorised,  2 levels left

rFire  . . .     SeeInvis +     a - +0 short sword
rCold  . . .     Clarity  .     e - +0 robe
rNeg   . . .     Conserve .     (shield restricted)
rPois  .         rCorr    .     (helmet restricted)
rElec  .         rRot     .     i - +1 cloak
SustAb + .       Spirit   .     (gloves unavailable)
rMut   .         Warding  .     (boots unavailable)
Saprov . . .     Stasis   .     (no amulet)
MR     .....                    m - cursed ring of sustain abilities {unknown}
                                k - ring of see invisible {unknown}

@: very quick, not resistant to hostile enchantments, fairly stealthy
A: unfitting armour, see invisible, herbivore 3, speed 3, slow metabolism 2
a: no special abilities


You were on level 3 of the Dungeon.
You were not hungry.

You visited 1 branch of the dungeon, and saw 4 of its levels.

You collected 68 gold pieces.

Inventory:

Hand weapons
 a - a +0,+0 short sword (weapon)
Missiles
 r - 20 poisoned needles
Armour
 e - a +0 robe (worn)
 i - a +1 cloak (worn)
Magical devices
 b - a wand of flame (12)
 c - a wand of enslavement (11)
 d - a wand of random effects (14)
Comestibles
 g - a pear
 q - a bread ration
Scrolls
 h - 2 scrolls of identify {!r, unknown}
 n - a scroll of teleportation {!r, unknown}
 p - a scroll of remove curse {!r, unknown}
Jewellery
 k - a ring of see invisible (left hand) {unknown}
 m - a cursed ring of sustain abilities (right hand) {unknown}
Potions
 f - 2 potions of porridge {!q}
 j - a potion of might {!q, unknown}
 l - 3 potions of curing {!q, unknown}
 o - a potion of paralysis {!q, unknown}


   Skills:
 + Level 1.8 Fighting
 - Level 1.1 Short Blades
 + Level 3.8 Dodging
 - Level 1.5 Stealth
 * Level 5.2 Evocations


You had 2 spell levels left.
You didn't know any spells.

Dungeon Overview and Level Annotations

Branches:
Dungeon (4/15)
 Temple: D:4-7

Altars:

Annotations:
D:3 Natasha


Innate Abilities, Weirdness & Mutations

You are tiny and cannot use many weapons and most armour.
You have supernaturally acute eyesight.
You are a herbivore.
You cover ground extremely quickly.
You need consume almost no food.


Message History

Found a robe.
There is a stone staircase leading up here.
You start resting.
Found a stone staircase leading up.
An ogre and Blork the orc come into view.
The ogre shouts!
Evoke which item? (* to show all) (? for menu, Esc to quit)
Zapping:
c - a wand of enslavement (13)
Press: ? - help, Shift-Dir - straight line, f - ogre
Aim: an ogre, wielding a giant club The ogre resists with significant effort.
This wand has 12 charges left.
There are monsters nearby!
There are monsters nearby!
Evoke which item? (* to show all) (? for menu, Esc to quit)
Zapping:
c - a wand of enslavement (12)
Press: ? - help, Shift-Dir - straight line, f/p - ogre
Aim: an ogre, wielding a giant club The ogre is charmed.
This wand has 11 charges left.
What do you say? t - Shout!
Orders for allies: a - Attack new target. p - Attack previous target. r - Retreat! s - Stop attacking. w - Wait here. f - Follow me.
Anything else - Stay silent.
Gang up on whom?
Press: ? - help, Dir - move target cursor, f - Blork the orc, p - ogre
Aim: Blork the orc, wielding a battleaxe and wearing a robe Attack!
Blork the orc completely misses your ogre.
You hit Blork the orc.
Blork the orc is lightly wounded.
Blork the orc gestures at you while chanting.
The puff of flame hits you!
Blork the orc screams, "I'm much stronger than you!"
Blork the orc hits your ogre with a battleaxe!
Blork the orc dies!
Your Evocations skill increases to level 5!
You have reached level 3!
Your experience leads to an increase in your attributes!
Increase (S)trength, (I)ntelligence, or (D)exterity?
You feel stronger.
Things that are here:
a battleaxe; a robe; the orc corpse of Blork the orc
There is a stone staircase leading up here.
You climb upwards.
Level annotation: Natasha The orc shouts! x3
An ooze and 2 orcs come into view.
The orc shouts!
The ooze quivers.
The ooze closely misses you.
Found three items.
There is a stone staircase leading down here.
The ooze dies!
The orc hits your ogre with a club.
Found 22 stones.
You see here 7 gold pieces.
The orc dies!
You hit the orc but do no damage.
The orc hits your ogre but does no damage.
The orc hits you with a runed mace!
Ouch! That really hurt!
You die...

##### (# #.
#...###...## #...
#..@........
#....##!Oo#.....##
#.....oo..#...###
#....o............
#.........#.....#
#.#...
##...######.?...#
#.#... #.... ...##
#.##.. .## ...#
#.##.h .. #.##..


You could see 4 orcs and a friendly ogre.

Vanquished Creatures
  An adder (D:2)
  An ooze (D:1)
  A giant cockroach (D:2)
  A goblin (D:3)
  A hobgoblin (D:2)
  A bat (D:2)
  A giant newt (D:2)
  A rat (D:1)
8 creatures vanquished.

Vanquished Creatures (collateral kills)
  Blork the orc (D:4)
  An ooze (D:3)
  An orc (D:3)
  A giant newt (D:2)
  A goblin (D:2)
5 creatures vanquished.

Grand Total: 13 creatures vanquished

Notes
Turn   | Place    | Note
--------------------------------------------------------------
     0 | D:1      | Amnesiac, the Spriggan Artificer, began the quest for the Orb.
     0 | D:1      | Reached XP level 1. HP: 9/9 MP: 2/2
    41 | D:1      | Reached skill level 1 in Fighting
   277 | D:2      | Reached XP level 2. HP: 2/14 MP: 5/5
   796 | D:3      | Noticed Natasha
   923 | D:4      | Noticed Blork the orc
   923 | D:4      | Noticed an ogre
   929 | D:4      | Killed Blork the orc
   929 | D:4      | Reached skill level 5 in Evocations
   929 | D:4      | Reached XP level 3. HP: 10/18 MP: 8/8
   943 | D:3      | Slain by an orc

Action                   || total
-------------------------++-------
Melee: Short sword       ||    34
Evoke: Wand              ||     8
